 Dungeon Crawl Stone Soup version 0.18.1-1-g2f07953 (webtiles) character file.

21149 Chiseanne the Fighter (level 12, -2/99 HPs)
             Began as a Demonspawn Wizard on May 6, 2016.
             Was an Initiate of Gozag.
             Slain by a nine-headed hydra (3 damage)
             ... on level 12 of the Dungeon.
             The game lasted 00:36:09 (13082 turns).

Chiseanne the Fighter (Demonspawn Wizard)          Turns: 13082, Time: 00:36:09

Health: -2/99      AC:  9    Str: 19    XL:     12   Next: 51%
Magic:  17/17      EV: 15    Int: 25    God:    Gozag
Gold:   234        SH: 16    Dex: 18    Spells: 4 memorised, 10 levels left

rFire  + . .     SeeInvis .     a - +7 broad axe (distort)
rCold  . . .     Gourm    .     Q - +0 ring mail of Defence {-Cast Regen+ Int+5 Slay+5} (curse)
rNeg   . . .     Faith    .     T - +0 shield
rPois  +         Spirit   .     (helmet unavailable)
rElec  .         Dismiss  .     m - +1 cloak
rCorr  +         Reflect  +     (no gloves)
SustAt .         Harm     .     (no boots)
MR     +....     NoCast   +     L - amulet of Afohuzow {Reflect *Confuse MR+ Str+7 SH+5}
Stlth  ++........               u - ring of resist corrosion
                                r - +5 ring of slaying

@: gold aura, somewhat resistant to hostile enchantments, unstealthy
A: horns 3, thin skeletal structure 2, agile 1, fire resistance 1, poison
resistance, spiny 2
a: Potion Petition, Call Merchant, Bribe Branch, Renounce Religion


You were on level 12 of the Dungeon.
You worshipped Gozag.
Gozag was noncommittal.
You were not hungry.

You visited 2 branches of the dungeon, and saw 13 of its levels.
You also visited: Ossuary.

You collected 3363 gold pieces.
You spent 1279 gold pieces at shops.
You paid 1850 gold pieces to Gozag.

Inventory:

Hand Weapons
 a - a +7 broad axe of distortion (weapon)
 w - the +9 hunting sling "Transmigrator" {flame, rC++}
   (You found it on level 4 of the Dungeon)

   It causes projectiles fired from it to burn those they strike, causing extra
   injury to most foes and up to half again as much damage against particularly
   susceptible opponents.
   It greatly protects you from cold.
Missiles
 b - a throwing net
 i - 478 stones (quivered)
 D - 30 sling bullets
Armour
 m - a +1 cloak (worn)
 Q - the cursed +0 ring mail of Defence (worn) {-Cast Regen+ Int+5 Slay+5}
   (You bought it in a shop on level 10 of the Dungeon)

   It affects your intelligence (+5).
   It affects your accuracy and damage with ranged weapons and melee attacks
   (+5).
   It prevents spellcasting.
   It increases your rate of regeneration.
   It has a curse placed upon it.
 S - the +1 leather armour "Mikaeboaki" {rF+ Dex+4}
   (You bought it in a shop on level 9 of the Dungeon)

   It affects your dexterity (+4).
   It protects you from fire.
 T - a +0 shield (worn)
Jewellery
 r - a +5 ring of slaying (left hand)
 u - a ring of resist corrosion (right hand)
 B - an uncursed amulet of faith {unknown}
 L - the amulet of Afohuzow (around neck) {Reflect *Confuse MR+ Str+7 SH+5}
   (You bought it in a shop on level 12 of the Dungeon)

   [amulet of reflection]

   It shields you and reflects attacks.
   It affects your strength (+7).
   It affects your resistance to hostile enchantments.
   It may confuse you when you take damage.
   It affects your SH (+5).
 M - an uncursed amulet of dismissal {unknown}
 P - an uncursed amulet of the gourmand {unknown}
Wands
 h - a wand of lightning (3/15)
 o - a wand of confusion (0/48)
Scrolls
 f - a scroll of recharging
 k - 4 scrolls of fog
 q - 6 scrolls of remove curse
 v - 2 scrolls of immolation
 y - 5 scrolls of teleportation
 X - a scroll of amnesia
Potions
 g - 2 potions of haste
 j - 6 potions of curing
 n - 2 potions of ambrosia
 x - 2 potions of magic
 A - a potion of flight
 H - a potion of agility
 I - a potion of cancellation
 K - a potion of resistance
 N - 2 potions of lignification {unknown}
Books
 c - a book of Minor Magic

   Spells                             Type                      Level
   a - Magic Dart                     Conjuration                  1
   b - Blink                          Translocation                2
   c - Call Imp                       Summoning                    2
   d - Repel Missiles                 Charms/Air                   2
   e - Slow                           Hexes                        2
   f - Conjure Flame                  Conjuration/Fire             3
   g - Mephitic Cloud                 Conjuration/Poison/Air       3
 O - a book of Envenomations

   Spells                             Type                      Level
   a - Spider Form                    Transmutation/Poison         3
   b - Olgreb's Toxic Radiance        Poison                       4
   c - Alistair's Intoxication        Transmutation/Poison         5
   d - Poisonous Cloud                Conjuration/Poison/Air       6
 U - a book of Transfigurations

   Spells                             Type                      Level
   a - Irradiate                      Conjuration/Transmutation    5
   b - Statue Form                    Transmutation/Earth          6
   c - Hydra Form                     Transmutation                6
   d - Dragon Form                    Transmutation                7
Comestibles
 d - 4 bread rations
 p - 8 meat rations
 C - a slice of pizza


   Skills:
 * Level 10.8 Fighting
 * Level 7.1 Axes
 - Level 4.3 Slings
 * Level 10.0 Armour
 - Level 7.8 Dodging
 - Level 1.7 Stealth
 * Level 6.1 Shields
 - Level 3.6 Spellcasting
 - Level 2.3 Conjurations
   Level 1.0 Summonings
 - Level 0.8 Translocations


You had 10 spell levels left.
You knew the following spells:

 Your Spells              Type           Power        Failure   Level  Hunger
a - Magic Dart            Conj           ###.         21%         1    None
b - Blink                 Tloc           N/A          56%         2    #......
c - Repel Missiles        Chrm/Air       #.....       80%         2    #......
d - Mephitic Cloud        Conj/Pois/Air  #.......     90%         3    ##.....


Dungeon Overview and Level Annotations

Branches:
Dungeon (12/15)            Temple (1/1) D:5            Lair (0/8) D:11
    Orc (0/2) D:9

Altars:
Ashenzari
Cheibriados
Dithmenos
Elyvilon
Gozag
Kikubaaqudgha
Makhleb
Nemelex Xobeh
Qazlal
Ru
Sif Muna
Xom
Yredelemnul
Zin
The Shining One

Shops:
D:5 }   D:8 (   D:9 [   D:10 ([(}   D:12 =}

Portals:
Trove: D:11 (give 8 potions of haste)

Annotations:
D:1 1 runed door
D:9 exclusion: 2 doors
D:12 Harold, Urug


Innate Abilities, Weirdness & Mutations

You have a pair of large horns on your head.
You have a moderately thin skeletal structure (Dex +4, Stealth+).
Your flesh is heat resistant.
You are mostly covered in sharp spines.
You are agile. (Dex +2)
Your system is resistant to poisons.


Message History

Urug is severely wounded.
You barely miss the hill giant. You slash the vampire mosquito!
The vampire mosquito is heavily damaged.
The vampire mosquito disappears!
You chop one of the eight-headed hydra's heads off!
The seven-headed hydra grows two more!
You slash the nine-headed hydra!
Space bends around the nine-headed hydra.
The nine-headed hydra is moderately wounded.
The hill giant is distracted by the nearby gold.
Urug hits you with a great mace!!
* * * LOW HITPOINT WARNING * * *
The nine-headed hydra bites you but does no damage.
The nine-headed hydra closely misses you.
The nine-headed hydra bites you!
* * * LOW HITPOINT WARNING * * *
The nine-headed hydra bites you but does no damage.
You block the nine-headed hydra's attack.
The nine-headed hydra bites you.
You die...
Your body crumbles into a pile of gold.

#.# #..# #.# #..#
#......... #.# #..#
#......... #.#####..#
#......... #........#
#......... #........#
#......... #........#
#..?......
#....)...#######$C.......
#.............(o@9..(....
#...))....#######Dy......
#.........# #........
#.........# #.....D..
#.........# #..>.....
#.........# #........
#.........# #........
#.........# #........
..........#


You could see a nine-headed hydra, a six-headed hydra, Urug, a hill giant
(unaware), a vampire mosquito and a gargoyle.

Vanquished Creatures
  A hydra (D:11)
  Erolcha (D:9)
  A death knight (D:9)
  2 unseen horrors (D:12)
  3 hill giants
  Pikel (D:8)
  A deep elf mage (D:9)
  An ugly thing (D:12)
  3 cyclopes
  Maurice (D:12)
  2 centaur skeletons
  A yaktaur (D:9)
  A two-headed ogre (D:8)
  4 slime creatures (D:12)
  A shadow (D:9)
  3 wyverns
  Grum (D:8)
  16 yaks
  2 hippogriffs
  3 hungry ghosts
  3 vampire mosquitoes (D:12)
  2 mottled dragons (D:11)
  A swamp drake (D:9)
  2 black bears
  5 orc warriors
  4 sky beasts
  3 ice beasts
  A necrophage (D:7)
  4 ogres
  A phantom (D:4)
  3 wolves (D:8)
  16 centaurs
  5 crocodiles
  A big kobold (D:9)
  8 giant frogs
  A gnoll sergeant (D:9)
  4 scorpions
  4 killer bees (D:12)
  4 wights (D:9)
  2 howler monkeys
  2 jellies
  10 crimson imps
  2 quasits
  4 hounds
  11 orc wizards
  8 orc priests
  2 giant frog skeletons
  7 iguanas
  Natasha (twice) (D:4)
  8 worker ants
  2 sheep (D:12)
  2 hound zombies
  3 hound skeletons
  14 mummies
  3 worker ant zombies
  A gnoll (D:9)
  12 adders
  4 shadow imps
  3 adder skeletons
  2 adder zombies
  2 worms (D:2)
  10 giant geckos
  38 orcs
  2 ball pythons
  4 bats
  2 giant cockroaches
  9 goblins
  10 hobgoblins
  9 jackals
  7 kobolds
  4 quokkas
  3 giant newts
  A gnoll skeleton (Ossuary)
  5 goblin skeletons (Ossuary)
  A goblin zombie (D:8)
  3 hobgoblin zombies
  An orc skeleton (Ossuary)
  2 orc zombies (D:6)
  5 rats
  11 rat skeletons (Ossuary)
354 creatures vanquished.

Vanquished Creatures (others)
  An ugly thing (D:11)
  A troll (D:12)
  A two-headed ogre (D:11)
  2 yaks (D:10)
  A hippogriff (D:9)
  An orc warrior (D:9)
  A slave (D:8)
  An ogre (D:9)
  A scorpion (D:9)
  A goblin skeleton (Ossuary)
11 creatures vanquished.

Grand Total: 365 creatures vanquished

Notes
Turn   | Place    | Note
--------------------------------------------------------------
     0 | D:1      | Chiseanne the Demonspawn Wizard began the quest for the Orb.
     0 | D:1      | Reached XP level 1. HP: 13/13 MP: 4/4
     1 | D:1      | Found a runed door.
     2 | D:1      | Noticed a jelly
   521 | D:1      | Gained mutation: Your flesh is heat resistant. [demonic ancestry]
   521 | D:1      | Reached XP level 2. HP: 19/19 MP: 4/6
   544 | D:1      | You fall through a shaft!
  1253 | D:1      | Learned a level 2 spell: Blink
  1256 | D:1      | Learned a level 2 spell: Repel Missiles
  1632 | D:2      | Gained mutation: You are partially covered in sharp spines. [demonic ancestry]
  1632 | D:2      | Reached XP level 3. HP: 25/25 MP: 5/8
  1734 | D:2      | Reached skill level 1 in Fighting
  2004 | D:2      | Learned a level 3 spell: Mephitic Cloud
  2154 | D:3      | Found a white marble altar of Elyvilon.
  2159 | D:3      | Gained mutation: You have a pair of small horns on your head. [demonic ancestry]
  2159 | D:3      | Reached XP level 4. HP: 32/32 MP: 5/9
  2377 | D:3      | Found a sacrificial altar of Ru.
  2948 | D:4      | Reached skill level 1 in Armour
  2953 | D:4      | Gained mutation: Your system is resistant to poisons. [potion of beneficial mutation]
  2954 | D:4      | Gained mutation: You are agile. (Dex +2) [potion of beneficial mutation]
  2956 | D:4      | Noticed Natasha
  2958 | D:4      | Killed Natasha
  2958 | D:4      | Gained mutation: You have a pair of horns on your head. [demonic ancestry]
  2958 | D:4      | Reached XP level 5. HP: 23/38 MP: 10/10
  3129 | D:4      | Got a warped hunting sling
  3130 | D:4      | Identified the +9 hunting sling "Transmigrator" {flame, rC++} (You found it on level 4 of the Dungeon)
  3151 | D:4      | Noticed a phantom
  3164 | D:4      | Killed a phantom
  3164 | D:4      | Reached skill level 1 in Slings
  3164 | D:4      | Reached XP level 6. HP: 38/46 MP: 11/11
  3744 | D:4      | Noticed Natasha
  3748 | D:4      | Killed Natasha
  3763 | D:4      | Found a deep blue altar of Sif Muna.
  3821 | D:5      | Entered Level 5 of the Dungeon
  3821 | D:5      | Found Debis's Gadget Shop.
  3951 | D:5      | Found a staircase to the Ecumenical Temple.
  4014 | Temple   | Entered the Ecumenical Temple
  4018 | Temple   | Became a worshipper of Gozag Ym Sagoz the Greedy
  4090 | D:5      | Reached XP level 7. HP: 45/52 MP: 12/12
  4594 | D:5      | Found a stormy altar of Qazlal.
  5098 | D:6      | Gained mutation: You are mostly covered in sharp spines. [demonic ancestry]
  5098 | D:6      | Reached XP level 8. HP: 61/61 MP: 13/13
  5426 | D:6      | Found a glowing golden altar of the Shining One.
  5428 | D:6      | Noticed an angel
  5445 | D:6      | Found a basalt altar of Yredelemnul.
  5447 | D:6      | Noticed a profane servitor
  5510 | D:6      | Reached skill level 5 in Fighting
  5894 | D:7      | Reached skill level 5 in Dodging
  5903 | D:7      | Got an agate-studded ring mail
  5917 | D:7      | Identified the +1 ring mail of Insecurity {*Confuse +Fly MP+9 Int+2} (You found it on level 7 of the Dungeon)
  6173 | D:7      | Found a shattered altar of Ashenzari.
  6701 | D:8      | Reached skill level 5 in Armour
  6701 | D:8      | Reached XP level 9. HP: 33/69 MP: 14/14
  7006 | D:8      | Found a sand-covered staircase.
  7013 | Ossuary  | Entered an ossuary
  7624 | D:8      | Noticed Grum
  7632 | D:8      | Killed Grum
  7762 | D:8      | Bought a runed broad axe for 116 gold pieces
  7767 | D:8      | Noticed Pikel
  7774 | D:8      | Killed Pikel
  7951 | D:8      | Gained mutation: You have a somewhat thin skeletal structure (Dex +2, Stealth). [demonic ancestry]
  7951 | D:8      | Reached XP level 10. HP: 71/79 MP: 15/15
  7971 | D:8      | Reached skill level 1 in Axes
  8259 | D:9      | Noticed Erolcha
  8273 | D:9      | Killed Erolcha
  8393 | D:9      | Found a sparkling altar of Nemelex Xobeh.
  8394 | D:9      | Found a snail-covered altar of Cheibriados.
  8972 | D:9      | Found a staircase to the Orcish Mines.
  9056 | D:9      | Found Feesined's Antique Armour Shop.
  9069 | D:9      | Bought an agate-encrusted leather armour for 168 gold pieces
  9069 | D:9      | Bought a shield for 108 gold pieces
  9085 | D:9      | Identified the +1 leather armour "Mikaeboaki" {rF+ Dex+4} (You bought it in a shop on level 9 of the Dungeon)
  9134 | D:9      | Noticed a deep elf mage
  9191 | D:9      | Noticed a seven-headed hydra
  9193 | D:9      | Reached skill level 1 in Shields
  9226 | D:9      | Killed a deep elf mage
  9384 | D:9      | Noticed a death knight
  9495 | D:9      | Killed a death knight
  9495 | D:9      | Gained mutation: You have a pair of large horns on your head. [demonic ancestry]
  9495 | D:9      | Reached XP level 11. HP: 51/87 MP: 9/16
  9793 | D:10     | Entered Level 10 of the Dungeon
  9850 | D:10     | Found Yjiesut's Gadget Shop.
 10019 | D:10     | Found Poizxec's Armour Boutique.
 10055 | D:10     | Found Belouje's Antique Armour Shop.
 10093 | D:10     | Noticed a hill giant
 10102 | D:10     | Killed a hill giant
 10107 | D:10     | Bought an ancient ring mail for 234 gold pieces
 10291 | D:10     | Identified the cursed +0 ring mail of Defence {-Cast Regen+ Int+5 Slay+5} (You bought it in a shop on level 10 of the Dungeon)
 10311 | D:10     | Found Kuadyimy's Antique Weapon Emporium.
 10396 | D:10     | Reached skill level 5 in Axes
 10743 | D:11     | Found a portal to a secret trove of treasure.
 10926 | D:11     | Noticed a four-headed hydra
 10933 | D:11     | Noticed a hill giant
 10945 | D:11     | Killed a hill giant
 11145 | D:11     | Killed an eight-headed hydra
 11471 | D:11     | Reached skill level 10 in Fighting
 11849 | D:11     | Found a staircase to the Lair.
 11988 | D:11     | Gained mutation: You have a moderately thin skeletal structure (Dex +4, Stealth+). [demonic ancestry]
 11988 | D:11     | Reached XP level 12. HP: 79/97 MP: 13/17
 12086 | D:11     | Reached skill level 5 in Shields
 12283 | D:12     | Noticed Maurice
 12301 | D:12     | Killed Maurice
 12372 | D:12     | Found Xeuloh's Gadget Shoppe.
 12905 | D:12     | Bought the amulet of Afohuzow {Reflect *Confuse MR+ Str+7 SH+5} for 653 gold pieces
 12987 | D:12     | Noticed Harold
 13073 | D:12     | Noticed Urug
 13077 | D:12     | Reached skill level 10 in Armour
 13078 | D:12     | Noticed an eight-headed hydra
 13079 | D:12     | Noticed a six-headed hydra
 13082 | D:12     | HP: 1/99 [nine-headed hydra (14)]
 13082 | D:12     | Slain by a nine-headed hydra

Skill      XL: |  1  2  3  4  5  6  7  8  9 10 11 12 |
---------------+-------------------------------------+-----
Conjurations   | 2 |  2.3
Fighting       | 1 2 3 4 5 7 8 10 | 10.8
Dodging        | 2 3 4 5 7 |  7.8
Armour         | 1 2 3 5 6 8 9 10 | 10.0
Slings         | 1 2 3 4 |  4.3
Axes           | 4 6 7 |  7.1
Shields        | 2 4 6 |  6.1
Stealth        | |  1.7
Spellcasting   | |  3.6
Summonings     | |  1.0
Translocations | |  0.8

Action                   |  1- 3 |  4- 6 |  7- 9 | 10-12 || total
-------------------------+-------+-------+-------+-------++-------
Melee: Club              |    13 |       |       |       ||    13
       Whip              |    11 |    35 |   207 |       ||   253
       Headbutt          |       |     4 |    35 |    48 ||    87
       Broad axe         |       |       |    22 |   284 ||   306
 Fire: Hunting sling     |       |    12 |       |       ||    12
Throw: Stone             |       |       |       |     1 ||     1
 Cast: Magic Dart        |    79 |    10 |       |       ||    89
       Repel Missiles    |     1 |       |       |       ||     1
Invok: Call Merchant     |       |       |     1 |     2 ||     3
       Potion Petition   |       |       |       |     1 ||     1
Evoke: Wand              |     2 |       |       |    22 ||    24
  Use: Scroll            |     9 |     5 |    11 |     9 ||    34
       Potion            |       |     2 |     1 |     7 ||    10
 Stab: Sleeping          |     1 |       |     3 |     2 ||     6
       Distracted        |       |       |       |     2 ||     2
       Held in net/web   |       |       |       |     1 ||     1
  Eat: Chunk             |     4 |     5 |       |       ||     9
       Fruit             |       |       |     6 |       ||     6
       Beef jerky        |       |       |     3 |     4 ||     7
       Royal jelly       |       |       |     2 |     2 ||     4
       Pizza             |       |       |     1 |     1 ||     2
       Bread ration      |       |       |     1 |     2 ||     3
Armor: Robe              |     7 |       |       |       ||     7
       Ring mail         |       |     7 |    47 |    68 ||   122
       Leather armour    |       |       |       |     5 ||     5
Dodge: Dodged            |    14 |    21 |   104 |   161 ||   300
       Deflected         |       |     2 |     2 |       ||     4
Block: Other             |       |       |    20 |       ||    20
       Shield            |       |       |       |   111 ||   111
       Reflection        |       |       |       |     2 ||     2
